 Dungeon Crawl Stone Soup version 0.31-a0-321-g19405a7a6a (webtiles) character file.

Game seed: 17269985822992355349

2123 LeprechaunX the Ruffian (level 9, -3/61 HPs)
             Began as an Octopode Shapeshifter on July 17, 2023.
             Slain by a hornet (9 damage)
             ... on level 7 of the Dungeon.
             The game lasted 00:08:55 (5188 turns).

LeprechaunX the Ruffian (Octopode Shapeshifter)     Turns: 5188, Time: 00:08:56

Health: -3/61      AC:  5    Str: 19    XL:     9   Next: 29%
Magic:  9/9        EV: 14    Int: 10    God:
Gold:   489        SH:  0    Dex: 12    Spells: 8/8 levels left

rFire   . .          .
                       - Unarmed
rCold   . . .        (no shield)
rNeg    . . .        (helmet currently unavailable)
rPois   .            x - amulet of regeneration
rElec   .            k - +4 ring of protection
rCorr   +            D - ring of resist corrosion
SInv    .            (no ring)
Will    .....        (no ring)
Stlth   +++          (no ring)
HPRegen 1.10/turn    (no ring)
MPRegen 0.11/turn    (no ring)
                     (no ring)

%: no passive effects
@: lethally poisoned (-3 -> -4), beast-form, slowed, very slow
A: beast (slay +4), almost no armour, amphibious, 8 rings, camouflage 1,
gelatinous body 1, nimble swimmer 1, tentacles
a: Begin Untransformation


You were on level 7 of the Dungeon.
You were a hulking beast.
You visited 2 branches of the dungeon, and saw 8 of its levels.

You collected 489 gold pieces.

Inventory:

Missiles
 y - 5 atropa-tipped darts
Armour
 u - the +5 tower shield "Wiulixzar" {Regen+ Dex+4}
   (You found it on level 4 of the Dungeon)

   Dex:       It affects your dexterity (+4).
   Regen:     It increases your rate of health regeneration.
Jewellery
 k - a +4 ring of protection (left tentacle)
 l - a ring of fire
 x - an amulet of regeneration (around mantle)
 D - a ring of resist corrosion (right tentacle)
 E - a ring of fire
Talismans
 b - a beast talisman
Wands
 d - a wand of mindburst (23)
 A - a wand of polymorph (7)
Scrolls
 c - 13 scrolls of identify {unknown}
 g - 3 scrolls of fog {unknown}
 i - 4 scrolls of teleportation {unknown}
 m - 2 scrolls of fear {unknown}
 n - a scroll of immolation {unknown}
 p - a scroll of poison {unknown}
 r - 2 scrolls of noise {unknown}
 w - a scroll of enchant armour {unknown}
 C - a scroll of torment {unknown}
 F - a scroll of enchant weapon {unknown}
 G - a scroll of amnesia {unknown}
Potions
 a - 2 potions of lignification
 e - 6 potions of curing {unknown}
 f - a potion of resistance {unknown}
 h - a potion of mutation {unknown}
 j - a potion of attraction {unknown}
 o - a potion of haste {unknown}
 q - a potion of berserk rage {unknown}
 s - 2 potions of brilliance {unknown}
 t - 2 potions of degeneration {unknown}
 v - a potion of enlightenment {unknown}
 z - a potion of cancellation {unknown}


   Skills:
 + Level 5.0 Fighting
 - Level 4.0 Dodging
 * Level 7.2 Unarmed Combat
 - Level 4.0 Evocations
 * Level 6.4 Shapeshifting


You had 8 spell levels left.
You didn't know any spells.
Your spell library contained the following spells:

 Spells                   Type           Power      Damage    Failure   Level
 Manifold Assault         Tloc           0%         N/A       98%         4
 Dispersal                Tloc           0%         N/A       100%        6
 Disjunction              Tloc           0%         N/A       100%        8


Dungeon Overview and Level Annotations

Branches:
Dungeon (7/15)             Temple (1/1) D:6

Altars:
Ashenzari
Cheibriados
Dithmenos
Elyvilon
Fedhas
Gozag
Hepliaklqana
Kikubaaqudgha
Nemelex Xobeh
Okawaru
Qazlal
Ru
Sif Muna
Trog
Vehumet
Wu Jian
Xom
Yredelemnul
Zin
The Shining One


Innate Abilities, Weirdness & Mutations

You are a hulking beast.
Your limbs bulge with bestial killing power. (Slay +4)
You cannot wear most types of armour.
You are amphibious.
You can wear up to eight rings at the same time.
Your skin changes colour to match your surroundings (Stealth+).
Your rubbery body absorbs attacks. (AC +1, EV +1)
You are camouflaged when in or above water. (Stealth+)
You have tentacles for arms and can constrict up to eight enemies at once.


Message History

The centaur hits you. The centaur closely misses you.
The hornet closely misses you. The centaur barely misses you.
The centaur kicks you.
You bludgeon the centaur!
You kill the centaur!
You hear a splash.
You constrict the hornet.
You feel sick. The hornet completely misses you. The hornet stings you!
You are more poisoned.
You feel as though you will be slow longer.
You barely miss the hornet.
The hornet is lightly wounded.
You constrict the hornet!
You feel very sick. The hornet barely misses you. The hornet stings you!
You feel as though you will be slow longer.
You tentacle-slap the hornet but do no damage.
You squeeze the hornet, but do no damage.
The hornet is heavily wounded.
You constrict the hornet.
You feel very sick. The hornet stings you!
* * * LOW HITPOINT WARNING * * *
You feel as though you will be slow longer.
The hornet barely misses you.
Throw: 5 darts (atropa)
Press: ? - help, Q - select action, (/) - cycle Shift-Dir - straight line, f - hornet
Aim: a hornet (heavily wounded, constricted by you, 73% to hit, chance to blind on hit: 3%)
Okay, then.
Attack: -) Tentacles
Press: ? - help, Dir - move target, f - hornet
Aim: a hornet (heavily wounded, constricted by you, about 21% to evade your tentacles)
Okay, then.
Throw: throwing net
Press: ? - help, Q - select action, (/) - cycle Shift-Dir - straight line, f - hornet
Aim: a hornet (heavily wounded, constricted by you, 72% to hit)
You throw a throwing net.
The throwing net closely misses the hornet.
You constrict the hornet!
You feel sick. The hornet stings you!
You die...

....... ............$...##
................. #.............#
##.... .##.... ........###.....
.......###........+.....
.......#_#.......##.....
(.....yh~~.......##....#
......)≈~≈~......##....#
......~≈†≈~......##....# ....#
....#.~≈≈≈~.............
....##.......+..~~~..............
....##.......#...................
....##.......#.....[.............
....##.......#...............#...
....##.....###...............####


You could see a hornet.

Vanquished Creatures
  Sigmund (D:2)
  3 yaks
  A steam dragon (D:7)
  A water moccasin (D:5)
  A sky beast (D:6)
  A black bear (D:5)
  A centaur (D:7)
  A phantom (D:5)
  A gnoll sergeant (D:7)
  4 bullfrogs
  Blork the orc (D:6)
  2 scorpions
  3 hounds (D:5)
  A jelly (D:7)
  Natasha (D:2)
  A gnoll bouda (D:6)
  An orc wizard (D:5)
  7 gnolls (D:6)
  6 adders
  2 white imps
  An ufetubus (D:6)
  2 worms (D:3)
  3 dart slugs
  11 orcs
  9 ball pythons
  9 bats
  13 endoplasms
  4 giant cockroaches
  12 goblins
  5 hobgoblins
  3 jackals (D:4)
  2 quokkas
  3 frilled lizards
  8 kobolds
  8 rats
133 creatures vanquished.

Vanquished Creatures (others)
  A gnoll (D:7)
1 creature vanquished.

Grand Total: 134 creatures vanquished

Notes
Turn   | Place    | Note
-------+----------+-------------------------------------------
     0 | D:1      | LeprechaunX the Octopode Shapeshifter began the quest for
                  | the Orb.
     0 | D:1      | Reached XP level 1. HP: 14/14 MP: 1/1
    94 | D:1      | You fall into a shaft and drop 1 floor!
   160 | D:1      | Reached XP level 2. HP: 17/19 MP: 2/2
   282 | D:1      | Reached XP level 3. HP: 4/24 MP: 3/3
  1256 | D:2      | Noticed Natasha
  1262 | D:2      | Killed Natasha
  1263 | D:2      | Reached skill level 3 in Unarmed Combat
  1263 | D:2      | Reached XP level 4. HP: 23/30 MP: 4/4
  1420 | D:2      | Noticed Sigmund
  1558 | D:2      | Killed Sigmund
  1559 | D:2      | Reached XP level 5. HP: 17/36 MP: 5/5
  1559 | D:2      | Reached XP level 6. HP: 20/41 MP: 6/6
  1653 | D:2      | Reached skill level 4 in Unarmed Combat
  1952 | D:3      | Found an ancient bone altar of Kikubaaqudgha.
  2767 | D:4      | Found a radiant altar of Vehumet.
  2840 | D:4      | Identified the +5 tower shield "Wiulixzar" {Regen+ Dex+4}
  2909 | D:5      | Entered Level 5 of the Dungeon
  3042 | D:5      | Noticed a water moccasin
  3101 | D:5      | Noticed a black bear
  3185 | D:5      | Reached skill level 1 in Evocations
  3185 | D:5      | Reached XP level 7. HP: 30/46 MP: 7/7
  3730 | D:5      | Reached skill level 5 in Unarmed Combat
  4139 | D:6      | Reached skill level 5 in Shapeshifting
  4139 | D:6      | Reached XP level 8. HP: 53/54 MP: 8/8
  4416 | D:6      | Noticed Blork the orc
  4418 | D:6      | Found a staircase to the Ecumenical Temple.
  4427 | D:6      | Killed Blork the orc
  4434 | Temple   | Entered the Ecumenical Temple
  4538 | D:7      | Found a broken altar of Ashenzari.
  4574 | D:7      | Noticed a yak
  4575 | D:7      | Noticed a yak
  4575 | D:7      | Noticed a yak
  4613 | D:6      | Killed a yak
  4614 | D:6      | Reached skill level 6 in Unarmed Combat
  4892 | D:7      | Reached XP level 9. HP: 59/59 MP: 9/9
  5115 | D:7      | Reached skill level 5 in Fighting
  5115 | D:7      | Reached skill level 7 in Unarmed Combat
  5173 | D:7      | Found a snail-covered altar of Cheibriados.
  5179 | D:7      | Noticed a hornet
  5188 | D:7      | Slain by a hornet

Illustrated notes

Levels and vault maps discovered:
D:1:      kilobyte_arrival_exit_the_forest, layout_loops_ring,
          amcnicky_mini_rare_corridor_liquid
D:2:      layout_basic, uniq_sigmund, uniq_natasha
D:3:      layout_loops_ring, kiku_gazebo_garden_becter
D:4:      layout_basic, mainiacjoe_overflow_24_doors
D:5:      layout_loops_corners
D:6:      layout_rooms, minmay_temple_entry_ruins, uniq_blork_the_orc
D:7:      layout_basic, ashenzari_altar_1, kennysheep_slug_shrine
Temple:   nicolae_temple_x_marks_the_god

Skill      XL: |  1  2  3  4  5  6  7  8  9 |
---------------+----------------------------+-----
Unarmed Combat | 3 4 5 6 7 |  7.2
Dodging        | 3 4 |  4.0
Shapeshifting  | 4 5 6 |  6.4
Fighting       | 3 4 5 |  5.0
Evocations     | 1 2 3 4 |  4.0

Action                     |  1- 3 |  4- 6 |  7- 9 || total
---------------------------+-------+-------+-------++-------
  Melee: Unarmed           |    69 |   119 |   115 ||   303
         Tentacles         |     9 |    20 |    27 ||    56
         Constrict         |    17 |    23 |    25 ||    65
         Punch             |       |     2 |     2 ||     4
  Throw: Throwing net      |       |       |     1 ||     1
  Evoke: Wand              |       |     2 |       ||     2
   Stab: Sleeping          |    10 |    13 |     3 ||    26
         Distracted        |     1 |       |       ||     1
 Armour: Skin              |     5 |    25 |    21 ||    51
  Dodge: Dodged            |    26 |    63 |    88 ||   177

Table legend: (Time is in decaauts)
 A = Elapsed time spent in this place.
 B = Non-inter-level travel time spent in this place.
 C = Inter-level travel time spent in this place.
 D = Time resting spent in this place.
 E = Time spent auto-exploring this place.
 F = Levels seen in this place.
 G = Mean time per level.
                   A        B        C        D        E       F      G
               +--------+--------+--------+--------+--------+-----+--------+
         Total |   5167 |   4936 |    231 |    209 |   3612 |   8 |  645.9 |
       Dungeon |   5153 |   4922 |    231 |    209 |   3612 |   7 |  736.1 |
        Temple |     13 |     13 |      0 |      0 |      0 |   1 |   13.0 |
               +--------+--------+--------+--------+--------+-----+--------+

Top non-repeatable levels by time:
     D:5: 1217 daAuts
     D:1: 973 daAuts
     D:2: 736 daAuts
     D:3: 730 daAuts
     D:6: 524 daAuts
     D:7: 513 daAuts
     D:4: 457 daAuts
  Temple: 13 daAuts
